 Dungeon Crawl Stone Soup version 0.27-a0-1202-ge72e49191c (webtiles) character file.

Game seed: 10359690167797611872

420 Mesmaeker13 the Shooter (level 6, -4/51 HPs)
             Began as a Barachi Hunter on June 3, 2021.
             Was an Initiate of Nemelex Xobeh.
             Slain by an ogre
             ... wielding a +0 giant spiked club
              (27 damage)
             ... on level 5 of the Dungeon.
             The game lasted 00:09:13 (4744 turns).

Mesmaeker13 the Shooter (Barachi Hunter)            Turns: 4744, Time: 00:09:13

Health: -4/51      AC: 10    Str: 15    XL:     6   Next: 94%
Magic:  6/6        EV: 10    Int: 11    God:    Nemelex Xobeh [......]
Gold:   146        SH:  0    Dex: 13    Spells: 5/5 levels left

rFire    . . .     SeeInvis .   m - +0 spear
rCold    . . .     Faith    .   (no shield)
rNeg     . . .     Spirit   .   e - +0 scale mail
rPois    .         Reflect  .   t - +0 helmet
rElec    .         Harm     .   (no cloak)
rCorr    .         Rampage  .   (no gloves)
Will     .....                  a - +1 pair of boots
Stlth    ..........             (no amulet)
HPRegen  0.17/turn              (no ring)
MPRegen  0.10/turn              (no ring)

@: slow
A: amphibious, slowness 1, strong legs 1, +LOS
a: Hop, Renounce Religion, Draw Escape, Draw Destruction, Draw Summoning


You were on level 5 of the Dungeon.
You worshipped Nemelex Xobeh.
Nemelex Xobeh was noncommittal.
You visited 2 branches of the dungeon, and saw 6 of its levels.

You collected 146 gold pieces.

Inventory:

Hand Weapons
 m - a +0 spear (weapon)
 q - a +1 longbow of freezing
Missiles
 d - 11 arrows
Armour
 a - a +1 pair of boots (worn)
 e - a +0 scale mail (worn)
 p - a +0 chain mail
 s - a +0 ring mail of cold resistance
 t - a +0 helmet (worn)
Wands
 r - a wand of flame (14)
Scrolls
 b - 2 scrolls of noise {unknown}
 c - a scroll of enchant armour {unknown}
 h - 2 scrolls of vulnerability {unknown}
 i - a scroll of fear {unknown}
 j - a scroll of acquirement
 l - a scroll of immolation
Potions
 f - 3 potions of flight
 g - a potion of attraction {unknown}
 k - 2 potions of lignification
 n - a potion of curing {unknown}
 o - 2 potions of heal wounds {unknown}
 u - a potion of might {unknown}


   Skills:
 + Level 5.4 Fighting
 + Level 5.6 Bows
 + Level 3.8 Armour
 - Level 3.0 Dodging
 - Level 0.8 Stealth


You had 5 spell levels left.
You didn't know any spells.
Your spell library contained the following spells:

 Spells                   Type           Power      Damage    Failure   Level
 Magic Dart               Conj           0%         1d3       78%         1
 Searing Ray              Conj           0%         3d3       89%         2
 Dazzling Flash           Conj/Hex       0%         N/A       98%         3
 Fulminant Prism          Conj/Hex       0%         3d6       100%        4
 Iskenderun's Mystic Bla  Conj/Tloc      0%         2d3       100%        4


Dungeon Overview and Level Annotations

Branches:
Dungeon (5/15)             Temple (1/1) D:5

Altars:
Cheibriados
Dithmenos
Elyvilon
Fedhas
Gozag
Hepliaklqana
Kikubaaqudgha
Makhleb
Nemelex Xobeh
Okawaru
Qazlal
Ru
Sif Muna
Trog
Uskayaw
Vehumet
Wu Jian
Xom
Yredelemnul
Zin
The Shining One

Shops:
D:4 (

Annotations:
D:3 Sigmund
D:5 Menkaure


Innate Abilities, Weirdness & Mutations

You are amphibious.
You cover ground slowly.
You can hop short distances.
You have an extended range of vision and can be seen from far away.


Message History

Found a hazy altar of Hepliaklqana.
There is a radiant altar of Vehumet here.
Found a burning altar of Makhleb.
Found a snail-covered altar of Cheibriados.
Found an ancient bone altar of Kikubaaqudgha.
Found a shadowy altar of Dithmenos.
There is an ancient bone altar of Kikubaaqudgha here.
There is a sparkling altar of Nemelex Xobeh here.
There is a sparkling altar of Nemelex Xobeh here.
There is a sparkling altar of Nemelex Xobeh here.
Key pressed, stopping explore.
There is a glowing silver altar of Zin here.
Key pressed, stopping explore.
Unknown command.
Unknown command.
Search for what [Enter for "spear", or ? for help]? altar
There is a sparkling altar of Nemelex Xobeh here.
You kneel at the altar of Nemelex Xobeh.
Nemelex Xobeh welcomes you!
You can now draw from decks of power.
There is an opulent altar of Gozag here.
There is a staircase back to the Dungeon here.
Okay, then.
Okay, then.
Okay, then.
There is a staircase back to the Dungeon here.
Okay, then.
Okay, then.
Okay, then.
You climb upwards.
Welcome back to the Dungeon!
Level annotation: Menkaure The ogre hits you with a +0 giant spiked club!!
Ouch! That really hurt!
There is a staircase to the Ecumenical Temple, spattered with blood here.
Unknown command.
Menkaure barely misses you.
The ogre hits you with a +0 giant spiked club!!
Ouch! That really hurt!
You die...
Your body disappears without a glow.

###...............#.#
#..........##...#.#.#
#.#..#...#......#.#.#
....##...##.....#.#.#
..... #.....##....#.#.#
.... #..#.#..##...#.#.#
.......##.##......#...#
......##...##...#.#####
........M@......#.#
.....##..O##.....# ....
##.## ...# ..$ #.# .##
.. ... # # ... ...
..... ###+#


You could see an ogre and Menkaure.

Vanquished Creatures
  An ogre (D:4)
  A necrophage (D:4)
  A centaur zombie (D:5)
  A jelly (D:5)
  Ijyb (D:3)
  Robin (D:3)
  6 adders
  A worm (D:4)
  2 dart slugs
  5 orcs (D:4)
  4 bats
  7 endoplasms
  11 giant cockroaches
  16 goblins
  7 hobgoblins
  3 jackals (D:1)
  3 quokkas
  4 ball pythons
  A frilled lizard (D:1)
  8 kobolds
  4 rats
88 creatures vanquished.

Notes
Turn   | Place    | Note
-------+----------+-------------------------------------------
     0 | D:1      | Mesmaeker13 the Barachi Hunter began the quest for the Orb.
     0 | D:1      | Reached XP level 1. HP: 17/17 MP: 1/1
   200 | D:1      | Reached XP level 2. HP: 23/23 MP: 2/2
   402 | D:1      | Found a faded altar of an unknown god.
   418 | D:1      | Reached XP level 3. HP: 29/29 MP: 3/3
   907 | D:2      | Reached XP level 4. HP: 34/35 MP: 4/4
  1021 | D:2      | Found a hide-covered altar of Uskayaw.
  1188 | D:2      | Reached skill level 1 in Armour
  1194 | D:2      | You fall into a shaft and drop 2 floors!
  1387 | D:4      | Noticed a necrophage
  1449 | D:4      | Killed a necrophage
  1450 | D:4      | Reached XP level 5. HP: 13/43 MP: 5/5
  1807 | D:4      | Reached skill level 5 in Bows
  2073 | D:3      | Noticed Sigmund
  2187 | D:4      | Noticed an ogre
  2896 | D:3      | Identified 2 scrolls of acquirement
  2899 | D:3      | Acquired a +1 longbow of freezing
  3146 | D:3      | Noticed Robin
  3470 | D:2      | Reached XP level 6. HP: 28/43 MP: 6/6
  3658 | D:3      | Noticed Ijyb
  3664 | D:3      | Killed Ijyb
  3758 | D:3      | Killed Robin
  3966 | D:4      | Found Uzoemuiz's Antique Weapon Boutique.
  3992 | D:4      | Reached skill level 5 in Fighting
  4320 | D:5      | Entered Level 5 of the Dungeon
  4420 | D:5      | Found a staircase to the Ecumenical Temple.
  4440 | D:5      | Noticed Menkaure
  4444 | Temple   | Entered the Ecumenical Temple
  4722 | Temple   | Became a worshipper of Nemelex Xobeh the Trickster
  4744 | D:5      | Slain by an ogre

Illustrated notes

Levels and vault maps discovered:
D:1:      dpeg_arrival_simpleton_c, layout_loops_ring,
          hellmonk_ecumenical_altar_dog_temple
D:2:      layout_loops_ring, basic_altar
D:3:      minmay_roachtagon, layout_rooms, portal_sewer_entry_d, uniq_ijyb,
          uniq_sigmund, uniq_robin
D:4:      layout_basic, serial_shops, nicolae_shop_behind_doors
D:5:      layout_basic, amcnicky_altar_gilded, minmay_temple_entry_waves,
          serial_shops, kennysheep_little_box, serial_curves, eino_curves_04,
          eino_curves_03, eino_curves_04, guppyfry_early_lair_pool,
          uniq_menkaure, uniq_edmund
Temple:   compressed_dpeg_triangle_lava_temple

Skill      XL: |  1  2  3  4  5  6 |
---------------+-------------------+-----
Fighting       | 3 4 5 |  5.4
Dodging        | 3 |  3.0
Armour         | 2 3 |  3.8
Bows           | 5 |  5.6
Stealth        | |  0.8

Action                   |  1- 3 |  4- 6 || total
-------------------------+-------+-------++-------
Melee: Spear             |       |   280 ||   280
 Fire: Shortbow          |    89 |    47 ||   136
       Longbow           |       |    16 ||    16
 Abil: Hop               |       |     4 ||     4
  Use: Scroll            |       |     5 ||     5
Armor: Scale mail        |    25 |   152 ||   177
Dodge: Dodged            |    13 |   196 ||   209

Table legend: (Time is in decaauts)
 A = Elapsed time spent in this place.
 B = Non-inter-level travel time spent in this place.
 C = Inter-level travel time spent in this place.
 D = Time resting spent in this place.
 E = Time spent auto-exploring this place.
 F = Levels seen in this place.
 G = Mean time per level.
                   A        B        C        D        E       F      G
               +--------+--------+--------+--------+--------+-----+--------+
         Total |   5321 |   5003 |    318 |   1206 |   2385 |   6 |  886.8 |
       Dungeon |   4963 |   4687 |    276 |   1206 |   2079 |   5 |  992.6 |
        Temple |    357 |    315 |     42 |      0 |    306 |   1 |  357.0 |
               +--------+--------+--------+--------+--------+-----+--------+

Top non-repeatable levels by time:
     D:2: 1534 daAuts
     D:4: 1530 daAuts
     D:3: 922 daAuts
     D:1: 835 daAuts
  Temple: 357 daAuts
     D:5: 140 daAuts
